 Dungeon Crawl Stone Soup version 0.13-a0-2739-gace2dc1 (webtiles) character file.

95 M4edhros the Sneak (level 3, 0/24 HPs)
             Began as an Octopode Artificer on Aug 21, 2013.
             Slain by a bat skeleton (1 damage)
             ... on Level 4 of the Dungeon.
             The game lasted 00:01:35 (853 turns).

M4edhros the Sneak (Octopode Artificer)              Turns: 853, Time: 00:01:35

HP   0/24        AC  1     Str 10      XL: 3   Next: 54%
MP   4/4         EV 12     Int 15      God:
Gold 53          SH  0     Dex 12      Spells:  0 memorised,  2 levels left

Res.Fire  : . . .   See Invis. : .   a - +0 short sword
Res.Cold  : . . .   Warding    : .   (no shield)
Life Prot.: . . .   Conserve   : .   (helmet restricted)
Res.Poison: .       Res.Corr.  : .   (no amulet)
Res.Elec. : .       Clarity    : .   (no ring)
Sust.Abil.: . .     Spirit.Shd : .   (no ring)
Res.Mut.  : .       Stasis     : .   (no ring)
Res.Rott. : .       Flight     : .   (no ring)
Saprovore : . . .                    (no ring)
                                     (no ring)
                                     (no ring)
                                     (no ring)

@: not resistant to hostile enchantments, quite stealthy
A: almost no armour, amphibious, 8 rings, constrict 8, camouflage 1, AC +1
a: no special abilities


You were on level 4 of the Dungeon.
You were not hungry.

You visited 1 branch of the dungeon, and saw 4 of its levels.

You collected 33 gold pieces.

Inventory:

Hand weapons
 a - a +0,+0 short sword (weapon)
Magical devices
 b - a wand of flame (13)
 c - a wand of enslavement (12)
 d - a wand of random effects (15)
Comestibles
 f - a bread ration
 h - a meat ration
Potions
 g - a potion of mutation {unknown}


   Skills:
 - Level 1.0 Fighting
 + Level 1.9 Short Blades
 - Level 2.0 Dodging
 * Level 4.1 Stealth
 - Level 3.2 Evocations


You had 2 spell levels left.
You didn't know any spells.

Dungeon Overview and Level Annotations

Branches:
Dungeon (4/27)
 Temple: D:4-7

Altars:
Xom


Innate Abilities, Weirdness & Mutations

You cannot wear most types of armour.
You are amphibious.
You can wear up to eight rings at the same time.
You can use your tentacles to constrict many enemies at once.
Your skin changes colour to match your surroundings (Stlth).
Your rubbery body absorbs attacks (AC +1).


Message History

Press: ? - help, Shift-Dir - straight line, f - orc, p - orc
Aim: an orc, wielding an orcish trident and wearing an orcish leather armour (heavily wounded, constricted by you)
Okay, then.
Evoke which item? (* to show all) (? for menu, Esc to quit)
Zapping:
b - a wand of flame (14)
Press: ? - help, Shift-Dir - straight line, f - orc, p - orc
Aim: an orc, wielding an orcish trident and wearing an orcish leather armour (heavily wounded, constricted by you)
The puff of flame hits the orc.
You kill the orc!
This wand has 13 charges left.
The bat barely misses you. The bat skeleton barely misses you.
The bat skeleton hits you.
* * * LOW HITPOINT WARNING * * *
The bat skeleton closely misses you.
Your orc hits the bat skeleton.
Unknown command.
Evoke which item? (* to show all) (? for menu, Esc to quit)
Zapping:
c - a wand of enslavement (13)
Press: ? - help, Shift-Dir - straight line, f - orc, p - orc
Aim: an orc, wielding an orcish dagger and wearing an orcish leather armour The orc is charmed.
This wand has 12 charges left.
The bat skeleton hits you.
You die...

.......#
........#
....#.#..#
#......#..#####
#......#......#
#.< ...#.)....#
#... #.#<.....#
#..#o)....###
#..b@.....#
#......zo(..###
..?>.......#
.......#...#
...#...##..# .
#... #..# ##..
#..# #.. ..# .


You could see a bat, a bat skeleton and 2 friendly orcs.

Vanquished Creatures
  2 adders (D:2)
  3 orcs (D:4)
  A ball python (D:3)
  3 bats (D:2)
  A goblin (D:3)
  2 hobgoblins
  A jackal (D:2)
  3 kobolds (D:2)
  3 rats
19 creatures vanquished.

Notes
Turn   | Place    | Note
--------------------------------------------------------------
     0 | D:1      | M4edhros, the Octopode Artificer, began the quest for the Orb.
     0 | D:1      | Reached XP level 1. HP: 14/14 MP: 1/1
   116 | D:2      | Reached XP level 2. HP: 6/19 MP: 3/3
   333 | D:2      | Reached XP level 3. HP: 13/24 MP: 4/4
   394 | D:2      | Found a shimmering altar of Xom.
   398 | D:2      | Found a shimmering altar of Xom.
   847 | D:4      | Reached skill level 4 in Stealth
   852 | D:4      | HP: 1/24 [bat skeleton (1)]
   853 | D:4      | Slain by a bat skeleton

Action                   || total
-------------------------++-------
Melee: Short sword       ||    39
       Mace              ||     2
Evoke: Wand              ||     5
  Use: Scroll            ||     4
       Potion            ||     2
 Stab: Sleeping          ||     5
